Unix NetHack Version 5.0.0-0 post-release - last build Jul 14 2026 02:55:29 (1809b74e8187c3a3585e283601c3028b46cbbdcb,branch:main).

Game began 2026-07-13 04:50:23, ended 2026-07-15 03:16:01.

Eisengrim, chaotic male elven Wizard

 ----------
 |.......*|
 |.).<....|
 |.[......|
 |`.......|
 --.-----.-
   ###   #
     ####
        #f#
         -@-
        ...r.
      ..$...!.|
    {..........
   ------------

Eisengrim the Conjurer    St:9 Dx:17 Co:12 In:18 Wi:9 Ch:10  Chaotic
Dlvl:4  $:117 HP:0(28) Pw:35(47) AC:9  Xp:4 T:1097 

Latest messages:
 You sold a dwarvish cloak for 25 gold pieces.
 Where do you want to travel to?
 (For instructions type a '?')
 You stop.  Pakka Pakka is in the way!
 You see here a scroll labeled FOOBIE BLETCH.
 z - a scroll labeled FOOBIE BLETCH (2 in total).
 Where do you want to travel to?
 (For instructions type a '?')
 You hear someone cursing shoplifters.
 You are beginning to feel hungry.
 What do you want to eat? [tvyA or ?*]
 This lichen corpse tastes okay.
 You hear someone cursing shoplifters.
 You finish eating the lichen corpse.
 Where do you want to travel to?
 (For instructions type a '?')
 You descend the stairs.
 The kitten misses the kobold mummy.
 The kitten misses the kobold mummy.
 You hit the kobold mummy!
 The kitten picks up a dagger.
 The kitten misses the kobold mummy.
 The kobold mummy hits!
 You miss the kobold mummy.
 The kitten misses the kobold mummy.
 The kitten misses the kobold mummy.
 You miss the kobold mummy.
 The kitten misses the kobold mummy.
 The kobold mummy hits!
 The kitten misses the kobold mummy.
 You miss the kobold mummy.
 The kitten misses the kobold mummy.
 The kitten drops a dagger.
 The kitten misses the kobold mummy.
 You destroy the kobold mummy!
 You see here a mummy wrapping.
 You see here a dagger.
 You find a hidden passage.
 You swap places with your kitten.
 You find a hidden door.
 The door opens.
 The rabid rat bites!
 The rabid rat's bite was poisoned!
 In what direction?
 The rabid rat bites!
 You stop.  Your kitten is in the way!
 The rabid rat bites!
 You die...
 Do you want your possessions identified? [ynq] (y)
 Do you want to see your attributes? [ynq] (y)

Inventory:
 Coins    ('$')
  $ - 117 gold pieces
 Weapons  (')')
  a - a blessed +1 quarterstaff (weapon in hands)
 Armor    ('[')
  b - an uncursed +0 cloak of magic resistance (being worn)
 Comestibles  ('%')
  A - an uncursed slime mold
  v - an uncursed food ration
  y - 2 uncursed lembas wafers
  t - an uncursed lichen corpse
 Scrolls  ('?')
  z - 2 uncursed scrolls of enchant weapon
  B - an uncursed scroll of identify
  k - an uncursed scroll of light
  j - an uncursed scroll of remove curse
  i - 2 uncursed scrolls of teleportation
 Spellbooks  ('+')
  l - a blessed spellbook of force bolt
  m - an uncursed spellbook of protection
 Potions  ('!')
  g - an uncursed potion of blindness
  x - a cursed potion of blindness
  f - an uncursed potion of gain energy
  r - a blessed potion of gain level
  s - an uncursed potion of invisibility
  u - an uncursed potion of levitation
  h - an uncursed potion of speed
 Rings    ('=')
  e - an uncursed ring of conflict
  d - an uncursed ring of regeneration
 Wands    ('/')
  c - a wand of enlightenment (0:14)
 Tools    ('(')
  o - an uncursed tooled horn
  n - a magic marker (0:19)
  q - an uncursed magic whistle
 Gems/Stones  ('*')
  p - an uncursed worthless piece of blue glass

Eisengrim the Wizard's attributes:

Background:
 You were a Conjurer, a level 4 male elven Wizard.
 You were chaotic, nominally on a mission for Anhur
 who was opposed by Ptah (lawful) and Thoth (neutral).
 You were right-handed.
 You were in the Dungeons of Doom, on level 4.
 You entered the dungeon 1097 turns ago.
 It was nighttime.
 There was a new moon in effect when your adventure ended.
 You had 98 experience points, 62 more were needed to attain level 5.

Basics:
 You had 0 out of 28 hit points.
 You had 35 out of 47 energy points (spell power).
 Your armor class was 9.
 Your wallet contained 117 zorkmids.
 Autopickup was off.

Final Characteristics:
 Your strength was 9 (limit:18).
 Your dexterity was 17 (limit:18).
 Your constitution was 12 (limit:16).
 Your intelligence was 18 (limit:20).
 Your wisdom was 9 (limit:20).
 Your charisma was 10 (limit:18).

Final Status:
 You weren't hungry.
 You were unencumbered.
 You were wielding a quarterstaff.
 You had basic skill with quarterstaff.

Final Attributes:
 You were devoutly aligned.
 You were magic-protected.
 You were sleep resistant.
 You had infravision.
 You were warded.
 You are dead.

Miscellaneous:
 You didn't encounter any bones levels.
 Total elapsed playing time was 52 minutes and 21 seconds.

Major events:
 Turn
    1: Eisengrim the chaotic male elven Wizard entered the dungeon
  764: entered the Gnomish Mines
  782: attained the rank of Conjurer (level 3)
 1097: killed by a rabid rat

Spells:
 Name                 Level Category     Fail Retention
 force bolt             1   attack         0%  91%-100%
 protection             1   clerical       0%  76%-100%

Skills:
 Fighting Skills
   bare handed combat [Unskilled]
   riding             [Unskilled]
 Weapon Skills
   dagger             [Unskilled]
   knife              [Unskilled]
   axe                [Unskilled]
   short sword        [Unskilled]
   club               [Unskilled]
   mace               [Unskilled]
   quarterstaff       [Basic]
   polearms           [Unskilled]
   spear              [Unskilled]
   trident            [Unskilled]
   sling              [Unskilled]
   dart               [Unskilled]
   shuriken           [Unskilled]
 Spellcasting Skills
   attack spells      [Basic]
   healing spells     [Unskilled]
   divination spells  [Unskilled]
   enchantment spells [Basic]
   clerical spells    [Unskilled]
   escape spells      [Unskilled]
   matter spells      [Unskilled]

Voluntary challenges:
 Character rerolling was not enabled.
 You were an atheist.
 You were illiterate.
 You never genocided any monsters.
 You never polymorphed an object.
 You never changed form.
 You used no wishes.
Achievements:
 You entered a shop.
 You entered the Gnomish Mines.
 You attained the rank of Conjurer.

 The Dungeons of Doom: levels 1 to 4
    Level 1:
    Level 2:
       A scroll shop, a sink.
    Level 3:
       A general store.
       Stairs down to The Gnomish Mines.
    Level 4: <- You were here.
       A fountain.
       Final resting place for
          you, killed by a rabid rat.
 The Gnomish Mines:
    Level 4:


Vanquished creatures:
  2 gnome leaders
  a kobold mummy
  2 dwarves
  a giant bat
  a wererat
 an acid blob
  5 gnomes
  a gecko
  a jackal
  a goblin
  2 sewer rats
  4 grid bugs
  3 lichens
  a newt
26 creatures vanquished.

No species were genocided or became extinct.

Game over:
                       ----------
                      /          \
                     /    REST    \
                    /      IN      \
                   /     PEACE      \
                  /                  \
                  |    Eisengrim     |
                  |      117 Au      |
                  |   killed by a    |
                  |    rabid rat     |
                  |                  |
                  |                  |
                  |       2026       |
                 *|     *  *  *      | *
        _________)/\\_//(\/(/\)/\//\/|_)_______

Goodbye Eisengrim the Wizard...

You died in The Dungeons of Doom on dungeon level 4 with 648 points,
and 117 pieces of gold, after 1097 moves.
You were level 4 with a maximum of 28 hit points when you died.

